 Dungeon Crawl Stone Soup version 0.30.0-29-ga12c61a403 (webtiles) character file.

Game seed: 5405183145262293827

613 Ijustatesigmund the Stinger (level 7, -1/36 HPs)
             Began as an Octopode Venom Mage on June 17, 2023.
             Slain by a phantom (6 damage)
             ... on level 5 of the Dungeon.
             The game lasted 00:07:25 (3665 turns).

Ijustatesigmund the Stinger (Octopode Venom Mage)   Turns: 3665, Time: 00:07:26

Health: -1/36      AC:  1    Str:  8    XL:     7   Next: 44%
Magic:  12/12      EV: 12    Int: 19    God:
Gold:   372        SH:  8    Dex: 12    Spells: 3/13 levels left

rFire   . . .        n - +7 hand axe of Zitioc {heavy, Contam *Rage rElec rPois SInv}
rCold   . . .        b - +0 buckler
rNeg    . . .        (helmet restricted)
rPois   +            t - amulet of magic regeneration
rElec   +            q - ring of wizardry
rCorr   .            (no ring)
SInv    +            (no ring)
Will    .....        (no ring)
Stlth   +++          (no ring)
HPRegen 0.26/turn    (no ring)
MPRegen 0.53/turn    (no ring)
                     (no ring)

%: random rage (20%), wizardry (x1)
@: no status effects
A: almost no armour, amphibious, 8 rings, camouflage 1, gelatinous body 1,
(nimble swimmer 1), tentacles, large bone plates 1, frail 1
a: no special abilities


You were on level 5 of the Dungeon.
You visited 1 branch of the dungeon, and saw 5 of its levels.

You collected 372 gold pieces.

Inventory:

Hand Weapons
 c - a +0 hand axe
 n - the +7 hand axe of Zitioc (weapon) {heavy, Contam *Rage rElec rPois SInv}
   (You found it on level 3 of the Dungeon)

   rElec:     It insulates you from electricity.
   rPois:     It protects you from poison.
   SInv:      It lets you see invisible.
   *Rage:     It berserks you when you make melee attacks (+20% chance).
   Contam:    It causes magical contamination when unequipped.
Armour
 b - a +0 buckler (worn)
Jewellery
 e - a ring of fire
 q - a ring of wizardry (left tentacle)
 t - an amulet of magic regeneration (around mantle)
Wands
 h - a wand of roots (6)
Scrolls
 a - 2 scrolls of vulnerability {unknown}
 f - 5 scrolls of teleportation {unknown}
 g - a scroll of amnesia {unknown}
 i - a scroll of noise {unknown}
 j - a scroll of poison {unknown}
 k - a scroll of acquirement {unknown}
 l - 9 scrolls of identify {unknown}
 m - 2 scrolls of magic mapping {unknown}
 s - a scroll of fog {unknown}
Potions
 d - 2 potions of mutation
 o - a potion of flight
 p - a potion of might {unknown}
 r - a potion of degeneration {unknown}
 v - a potion of berserk rage {unknown}


   Skills:
 + Level 2.4 Axes
 - Level 2.0 Dodging
 - Level 2.6 Stealth
 - Level 2.2 Shields
 + Level 3.6 Spellcasting
 + Level 2.4 Conjurations
 - Level 1.0 Transmutations
 + Level 3.1 Air Magic
 + Level 5.9 Poison Magic


You had 3 spell levels left.
You knew the following spells:

 Your Spells              Type           Power      Damage    Failure   Level
a - Sting                 Tmut/Pois      64%        1d6       2%          1
b - Poisonous Vapours     Pois/Air       40%        N/A       2%          2
c - Mephitic Cloud        Conj/Pois/Air  17%        N/A       6%          3
d - Olgreb's Toxic Radia  Pois           25%        N/A       8%          4

Your spell library contained the following spells:

 Spells                   Type           Power      Damage    Failure   Level
 Confusing Touch          Hex            3%         N/A       26%         3
 Portal Projectile        Hex/Tloc       6%         N/A       26%         3
 Fulminant Prism          Conj/Hex       4%         3d5       45%         4
 Dispersal                Tloc           1%         N/A       100%        6


Dungeon Overview and Level Annotations

Branches:
Dungeon (5/15)
 Temple: D:4-7

Altars:
Fedhas
Okawaru


Innate Abilities, Weirdness & Mutations

You cannot wear most types of armour.
You are amphibious.
You can wear up to eight rings at the same time.
Your skin changes colour to match your surroundings (Stealth+).
Your rubbery body absorbs attacks. (AC +1, EV +1)
((You are camouflaged when in or above water. (Stealth+)))
You have tentacles for arms and can constrict up to eight enemies at once.
You are partially covered in large bone plates. (SH +4)
You are frail. (-10% HP)


Message History

You hit the orc.
The orc priest hits you with a +0 short sword.
The orc hits you with a +0 dagger. x2
You closely miss the orc priest. You grab the orc priest.
The orc priest is severely wounded.
You closely miss the orc.
You constrict the orc priest, but do no damage.
The orc priest hits you but does no damage.
You block the orc's attack.
An orc comes into view. It is wielding a +0 flail.
The orc priest calls down the wrath of Beogh upon you.
Pain shoots through your body! The orc hits you with a +0 dagger.
The orc misses you.
You hit the orc priest but do no damage.
The orc priest is severely wounded.
You slash the orc!
You kill the orc!
You barely miss the orc. You constrict the orc priest.
The orc priest closely misses you. You block the orc's attack.
The orc priest barely misses you. The orc hits you with a +0 dagger.
The phantom hits you!
* * * LOW HITPOINT WARNING * * *
It was a potion of mutation.
You feel extremely strange.
You feel frail.
Large bone plates grow over parts of your tentacles.
You constrict the orc priest.
The orc priest hits you with a +0 short sword.
* * * LOW HITPOINT WARNING * * *
The orc closely misses you. You block the phantom's attack.
Okay, then.
You feel better.
You constrict the orc priest.
The orc priest hits you with a +0 short sword.
* * * LOW HITPOINT WARNING * * *
You block the orc's attack. The phantom hits you.
* * * LOW HITPOINT WARNING * * *
The phantom blinks!
You blink.
You lose your grip on the orc priest.
You closely miss the phantom. Your squeeze misses the phantom.
The orc priest casts a cantrip, but nothing happens.
The phantom completely misses you. The phantom hits you.
You die...

#..############
##..###.#####
#...........#
##..........+
#..##..#####
#...##..###
##..##...!#
##..##!...#
#...>W@...#
##....)...#
#.....oo..#
#...##..o##
#### #..ยง#
#.... #.....
#......
#$......


You could see a phantom, an orc priest and 2 orcs.

Vanquished Creatures
  2 ogres
  A phantom (D:4)
  A scorpion (D:4)
  A hound (D:4)
  A jelly (D:5)
  Jessica (D:2)
  Ijyb (D:4)
  An orc wizard (D:4)
  Robin (D:2)
  7 adders
  A white imp (D:4)
  5 worms
  A dart slug (D:3)
  4 orcs
  5 ball pythons
  3 bats
  6 endoplasms
  2 giant cockroaches
  16 goblins
  5 hobgoblins
  6 jackals
  4 quokkas
  4 frilled lizards
  3 kobolds
  5 rats
87 creatures vanquished.

Notes
Turn   | Place    | Note
-------+----------+-------------------------------------------
     0 | D:1      | Ijustatesigmund the Octopode Venom Mage began the quest for
                  | the Orb.
     0 | D:1      | Reached XP level 1. HP: 11/11 MP: 3/3
   401 | D:1      | Reached skill level 1 in Shields
   401 | D:1      | Reached XP level 2. HP: 17/17 MP: 5/5
   490 | D:1      | Reached skill level 4 in Poison Magic
   693 | D:1      | Got Osky's Incunabulum of the Hapless Door
   734 | D:1      | Learned a level 2 spell: Poisonous Vapours
   930 | D:2      | Reached XP level 3. HP: 17/21 MP: 6/6
  1281 | D:2      | Noticed Robin
  1301 | D:2      | Killed Robin
  1307 | D:2      | Reached skill level 1 in Air Magic
  1319 | D:2      | Reached XP level 4. HP: 11/27 MP: 1/7
  1358 | D:2      | Noticed Jessica
  1495 | D:2      | Killed Jessica
  2017 | D:2      | You fall into a shaft and drop 1 floor!
  2328 | D:3      | Reached XP level 5. HP: 19/31 MP: 0/9
  2362 | D:3      | Learned a level 3 spell: Mephitic Cloud
  2513 | D:3      | Found an iron altar of Okawaru.
  2532 | D:3      | Identified the +7 hand axe of Zitioc {heavy, Contam *Rage
                  | rElec rPois SInv}
  2860 | D:3      | Reached skill level 5 in Poison Magic
  2898 | D:4      | Found a blossoming altar of Fedhas.
  2966 | D:4      | Reached skill level 1 in Axes
  2966 | D:4      | Reached skill level 1 in Conjurations
  3023 | D:4      | Noticed a phantom
  3026 | D:4      | Killed a phantom
  3027 | D:4      | Reached XP level 6. HP: 36/36 MP: 10/10
  3404 | D:4      | Noticed Ijyb
  3407 | D:4      | Reached XP level 7. HP: 41/41 MP: 10/12
  3417 | D:4      | Killed Ijyb
  3536 | D:4      | Learned a level 4 spell: Olgreb's Toxic Radiance
  3569 | D:5      | Entered Level 5 of the Dungeon
  3663 | D:5      | Gained mutation: You are frail. (-10% HP) [potion of
                  | mutation]
  3663 | D:5      | Gained mutation: You are partially covered in large bone
                  | plates. (SH +4) [potion of mutation]
  3665 | D:5      | Slain by a phantom

Illustrated notes

Levels and vault maps discovered:
D:1:      dpeg_arrival_round_c, layout_basic
D:2:      minmay_chambers_of_twos, layout_basic,
          hangedman_abyss_or_decor_lesser_grid, chequers_serial_rivers_micro_b,
          minmay_gold_behind_fungi, uniq_jessica, uniq_robin
D:3:      layout_basic, okawaru_ov_weapons_minmay
D:4:      layout_rooms, fedhas_ov_isle_minmay, uniq_ijyb
D:5:      layout_gridville, nicolae_overflow_crystal_walls,
          nicolae_vehumet_radiance

Skill      XL: |  1  2  3  4  5  6  7 |
---------------+----------------------+-----
Shields        | 1 2 |  2.2
Poison Magic   | 4 5 |  5.9
Air Magic      | 1 2 3 |  3.1
Axes           | 1 2 |  2.4
Conjurations   | 1 2 |  2.4
Spellcasting   | 3 |  3.6
Dodging        | |  2.0
Stealth        | |  2.6
Transmutations | |  1.0

Action                     |  1- 3 |  4- 6 |  7- 9 || total
---------------------------+-------+-------+-------++-------
  Melee: Hand axe          |    60 |    73 |    12 ||   145
         Tentacles         |    16 |    15 |     5 ||    36
         Constrict         |    16 |    14 |     2 ||    32
         Unarmed           |     2 |       |       ||     2
         Punch             |       |     1 |       ||     1
   Cast: Sting             |     4 |       |       ||     4
         Poisonous Vapours |    16 |    10 |       ||    26
    Use: Potion            |     6 |     2 |     2 ||    10
   Stab: Sleeping          |     6 |     9 |     2 ||    17
 Armour: Skin              |     4 |     4 |     1 ||     9
  Dodge: Dodged            |    35 |    47 |     8 ||    90
  Block: Buckler           |     9 |    13 |     6 ||    28
